AoeStats
← Fürst-Pückler-Eis

Arabia

503457246Analyzed
2v2 RM · 2mo ago on Aug 31, 2026· 44m 6s· 4 players
Game mode
Random Map
Map size
Medium (4 player)
Population
200
Speed
Normal
Resources
Standard
Victory
Conquest
Starting age
Dark Age
Ending age
Imperial Age
RankedLock teamsTeams togetherTeam positionsShared explorationLock speedFull tech treeHidden civsTurbo modeCheats
Victory
Defeat
🇩🇪 Goths · Germany
924
+14
🇩🇪 Magyars · Germany
924
+14
vs
🇨🇭 Maya · Switzerland
953
-17
🇨🇭 Saracens · Switzerland
825
-12
Fürst-Pückler-Eis
1:19 Loom
11:09 Feudal Age
11:37 Double-Bit Axe
11:34 Horse Collar
15:59 Fletching
22:12 Castle Age
21:22 Scale Mail Armor
24:23 Bodkin Arrow
26:29 Town Watch
27:01 Squires
26:39 Man-at-Arms
28:59 Pikeman
34:05 Town Patrol
34:35 Masonry
34:28 Murder Holes
35:18 Padded Archer Armor
36:32 Chain Mail Armor
Batista
4:09 Loom
14:08 Feudal Age
15:02 Horse Collar
15:09 Double-Bit Axe
19:08 Castle Age
17:55 Fletching
18:57 Scale Barding Armor
19:12 Light Cavalry
20:10 Bloodlines
22:01 Stone Mining
27:34 Chain Barding Armor
40:18 Imperial Age
41:37 Plate Barding Armor
Formagella
0:35 Loom
11:01 Feudal Age
11:35 Double-Bit Axe
12:03 Horse Collar
14:40 Fletching
14:46 Gold Mining
16:49 Wheelbarrow
16:17 Padded Archer Armor
22:40 Castle Age
21:25 Town Watch
23:23 Crossbowman
24:09 Thumb Ring
24:02 Bodkin Arrow
24:58 Bow Saw
25:33 Leather Archer Armor
29:24 Hand Cart
30:31 Pikeman
32:51 Scale Mail Armor
33:02 Forging
34:38 Ballistics
35:31 Chain Mail Armor
35:56 Iron Casting
35:25 Squires
39:00 Chain Mail Armor
40:44 Heavy Plow
Perocat
10:42 Feudal Age
15:38 Castle Age
14:12 Double-Bit Axe
14:27 Horse Collar
15:35 Bloodlines
19:02 Wheelbarrow
24:20 Pikeman
35:15 Scale Barding Armor
37:24 Chain Barding Armor
37:14 Forging
37:08 Scale Mail Armor
37:45 Hand Cart
39:28 Fletching
42:49 Heavy Plow
Connection lost

Rejoining the realm…

Still unreachable

The connection could not be restored.

Session expired

The server has moved on; the page needs a fresh start.